 Dungeon Crawl Stone Soup version 0.16.1-18-g436b03c (webtiles) character file.

70 Shoikan the Cudgeler (level 4, 0/39 HPs)
             Began as a Minotaur Berserker on Apr 24, 2015.
             Was a Believer of Trog.
             Succumbed to an orc wizard's poison
             ... on level 3 of the Dungeon.
             The game lasted 00:04:44 (1432 turns).

Shoikan the Cudgeler (Minotaur Berserker)           Turns: 1432, Time: 00:04:44

Health: 0/39       AC:  5    Str: 21    XL:     4   Next: 3%
Magic:  2/2        EV: 11    Int:  5    God:    Trog [**....]
Gold:   125        SH:  0    Dex: 10    Spells: 0 memorised, 3 levels left

rFire  . . .     SeeInvis .     a - +0 mace
rCold  . . .     Clarity  .     d - +0 ring mail (curse)
rNeg   . . .     SustAb   .     (no shield)
rPois  .         Gourm    .     (helmet restricted)
rElec  .         Spirit   .     (no cloak)
rCorr  .         Warding  .     (no gloves)
rMut   .         Stasis   .     (no boots)
MR     .....                    (no amulet)
Stlth  ..........               (no ring)
                                (no ring)

@: confused, lethally poisoned (0 -> -16), not resistant to hostile
enchantments, extremely unstealthy
A: retaliatory headbutt, horns 2
a: Burn Spellbooks, Berserk, Trog's Hand, Renounce Religion


You were on level 3 of the Dungeon.
You worshipped Trog.
Trog was pleased with you.
You were hungry.

You visited 1 branch of the dungeon, and saw 3 of its levels.

You collected 125 gold pieces.

Inventory:

Hand weapons
 a - a +0 mace (weapon)
Armour
 b - a +0 animal skin
 d - a cursed +0 ring mail (worn)
Jewellery
 f - a +2 ring of intelligence {unknown}
Scrolls
 g - a scroll of remove curse {unknown}
 l - a scroll of random uselessness {unknown}
 m - a scroll of fog {unknown}
 n - a scroll of blinking {unknown}
 o - a scroll of recharging {unknown}
 q - a scroll of noise {unknown}
 r - a scroll of enchant weapon {unknown}
 s - a scroll of magic mapping {unknown}
Potions
 e - a potion of experience {unknown}
 i - 2 potions of curing {unknown}
 j - a potion of flight {unknown}
 k - a potion of cancellation {unknown}
 p - a potion of invisibility {unknown}
Comestibles
 c - 3 bread rations
 h - 2 meat rations
 t - 5 fruits


   Skills:
 - Level 3.6 Fighting
 + Level 5.9 Maces & Flails
 - Level 2.4 Armour
 - Level 2.1 Dodging


You had 3 spell levels left.
You didn't know any spells.

Dungeon Overview and Level Annotations

Branches:
Dungeon (3/15)

Altars:
Vehumet


Innate Abilities, Weirdness & Mutations

You reflexively headbutt those who attack you in melee.
You have a pair of horns on your head.


Message History

* * * LOW HITPOINT WARNING * * *
You feel sick. Something hits you but does no damage.
You bump into the rock wall.
* * * LOW HITPOINT WARNING * * *
You feel sick. Something hits you but does no damage.
You are more poisoned.
* * * LOW HITPOINT WARNING * * *
You feel sick.
You bump into the rock wall.
* * * LOW HITPOINT WARNING * * *
You feel sick.
* * * LOW HITPOINT WARNING * * *
You feel sick.
You closely miss something.
* * * LOW HITPOINT WARNING * * *
You feel sick.
You hear some strange, mumbled words.
You are more confused.
You miss something.
You die...

#<# .# #. #.# .# # ##.#
#.# ###.#.. ...
#.#######...... #..
#..........#... #..
#########.###.# ####..
#..#...
#.....##############..)._.
#..)).@............#...
#..##############.###.#
#.. ....# .. #o. ###.... .
%.. ##..... .#.# #.##.
..#o .# #. .#


There were no monsters in sight!

Vanquished Creatures
  An orc priest (D:3)
  2 giant geckos
  3 orcs (D:3)
  3 bats
  3 giant cockroaches (D:1)
  5 goblins
  2 hobgoblins (D:1)
  4 jackals (D:2)
  2 ball pythons (D:2)
  5 giant newts
  4 kobolds
  A rat (D:2)
35 creatures vanquished.

Notes
Turn   | Place    | Note
--------------------------------------------------------------
     0 | D:1      | Shoikan, the Minotaur Berserker, began the quest for the Orb.
     0 | D:1      | Reached XP level 1. HP: 19/19 MP: 1/1
    62 | D:1      | Reached skill level 4 in Maces & Flails
   132 | D:1      | Reached XP level 2. HP: 17/26 MP: 1/1
  1009 | D:2      | Reached skill level 5 in Maces & Flails
  1088 | D:2      | Acquired Trog's second power
  1172 | D:2      | Reached XP level 3. HP: 20/31 MP: 2/2
  1367 | D:3      | Found a radiant altar of Vehumet.
  1414 | D:3      | Reached XP level 4. HP: 27/39 MP: 2/2
  1432 | D:3      | Succumbed to an orc wizard's poison

Action                   |  1- 3 |  4- 6 || total
-------------------------+-------+-------++-------
Melee: Mace              |    65 |    12 ||    77
  Eat: Chunk             |     1 |       ||     1
